 Dungeon Crawl Stone Soup version 0.25-a0-482-g9b3b753f3f (webtiles) character file.

Game seed: 16715754091777012714, levelgen mode: deterministic

114612 RedPan the Fighter (level 16, -13/146 HPs)
             Began as a Grey Draconian Abyssal Knight on Feb 10, 2020.
             Was the Champion of Lugonu.
             Killed from afar by an orc sorcerer (32 damage)
             ... with a bolt of negative energy
             ... while paralysed by an orc sorcerer
             ... on level 2 of the Orcish Mines.
             The game lasted 01:35:35 (34991 turns).

RedPan the Fighter (Grey Draconian Abyssal Knight) Turns: 34991, Time: 01:35:36

Health: -13/146    AC: 20    Str: 21    XL:     16   Next: 16%
Magic:  24/24      EV:  2    Int: 12    God:    Lugonu [******]
Gold:   2686       SH:  0    Dex: 16    Spells: 15/21 levels left

rFire    + + .     SeeInvis .   Q - +4 scimitar (flame)
rCold    + + .     Gourm    +   U - +0 buckler of Nihilism {Str+2}
rNeg     . . .     Faith    .   (armour unavailable)
rPois    .         Spirit   .   n - +2 hat
rElec    .         Reflect  .   H - +1 cloak "Rocigeot" {*Drain rC++ Str+2}
rCorr    .         Harm     .   O - +0 pair of gloves
MR       +....                  C - +0 pair of boots "Kueboes" {Stlth+}
Stlth    ++........             f - amulet of the gourmand
HPRegen  0.34/turn              j - ring of protection from fire
MPRegen  0.19/turn              J - ring of protection from fire

@: paralysed, drained
A: walk through water, unfitting armour, unbreathing, cold-blooded, AC +14
a: Depart the Abyss, Bend Space, Banish, Corrupt, Enter the Abyss, Brand Weapon
With Distortion, Renounce Religion


You were on level 2 of the Orcish Mines.
You worshipped Lugonu.
Lugonu was exalted by your worship.
You were completely stuffed.

You visited 4 branches of the dungeon, and saw 24 of its levels.
You visited the Abyss 1 time.
You also visited: Ossuary and Ice Cave.

You collected 2686 gold pieces.

Inventory:

Hand Weapons
 Q - a +4 scimitar of flaming (weapon)
Missiles
 k - 6 boomerangs of dispersal
 M - 4 silver javelins (quivered)
Armour
 n - a +2 hat (worn)
 s - a +0 pair of boots
 C - the +0 pair of boots "Kueboes" (worn) {Stlth+}
   (You found it on level 15 of the Dungeon)

   It makes you more stealthy.
   If you remove this armour, your AC will decrease by 1 (20 -> 19).
 H - the +1 cloak "Rocigeot" (worn) {*Drain rC++ Str+2}
   (You found it on level 9 of the Dungeon)

   It affects your strength (+2).
   It greatly protects you from cold.
   It causes draining when unequipped.
   If you remove this armour, your AC will decrease by 2 (20 -> 18).
 O - a +0 pair of gloves (worn)
 U - the +0 buckler of Nihilism (worn) {Str+2}
   (You acquired it on level 5 of the Lair of Beasts)

   It affects your strength (+2).
Jewellery
 d - an uncursed ring of protection from magic
 f - an amulet of the gourmand (around neck)
 j - a ring of protection from fire (left hand)
 m - an uncursed ring of positive energy
 D - an uncursed ring of poison resistance
 E - an uncursed ring of resist corrosion
 J - a ring of protection from fire (right hand)
 V - an uncursed ring of see invisible
Wands
 a - a wand of iceblast (10)
 p - a wand of digging (1)
 t - a wand of paralysis (6)
 I - a wand of enslavement (7)
 L - a wand of disintegration (16)
 N - a wand of polymorph (9)
 R - a wand of clouds (5)
Scrolls
 c - 2 scrolls of enchant weapon
 q - 6 scrolls of identify
 r - a scroll of fog
 w - 6 scrolls of remove curse
 y - 5 scrolls of magic mapping
 B - a scroll of blinking
 G - 3 scrolls of teleportation
 P - 2 scrolls of amnesia
 T - a scroll of fear
 X - 3 scrolls of enchant armour
Potions
 e - a potion of magic
 g - 6 potions of mutation
 h - 3 potions of haste
 i - 6 potions of curing
 l - 4 potions of might
 o - 4 potions of heal wounds
 u - 4 potions of agility
 v - 3 potions of resistance
 x - 2 potions of flight
 z - a potion of brilliance
 A - 2 potions of berserk rage
 K - a potion of invisibility
 S - a potion of cancellation
Miscellaneous
 F - a fan of gales
Comestibles
 b - 47 rations
 W - 18 chunks of flesh


   Skills:
 - Level 14.2(13.2) Fighting
 - Level 14.0(13.0) Long Blades
 - Level 8.0(7.1) Throwing
 + Level 12.5(11.5) Dodging
 + Level 10.7(9.8) Shields
 + Level 3.3(2.5) Spellcasting
 + Level 3.6(2.8) Transmutations
 * Level 5.4(4.6) Earth Magic
 - Level 11.0(10.0) Invocations


You had 15 spell levels left.
You knew the following spells:

 Your Spells              Type           Power        Failure   Level  Hunger
a - Statue Form           Tmut/Erth      ##.......    100%        6    #######

Your spell library contained the following spells:

 Spells                   Type           Power        Failure   Level  Hunger
 Beastly Appendage        Tmut           #.....       9%          1    #......
 Sticks to Snakes         Tmut           #.......     12%         2    ###....
 Corona                   Hex            #......      26%         1    #......
 Slow                     Hex            #.......     36%         2    ###....
 Spider Form              Tmut/Pois      #.........   41%         3    ###....
 Inner Flame              Hex/Fire       #.......     61%         3    ###....
 Portal Projectile        Hex/Tloc       #.....       61%         3    ###....
 Leda's Liquefaction      Hex/Erth       #.........   69%         4    #####..
 Ice Form                 Ice/Tmut       #.......     82%         4    #####..
 Blade Hands              Tmut           #.........   92%         5    ######.
 Cause Fear               Hex            #.........   95%         4    #####..
 Bolt of Magma            Conj/Fire/Erth #.........   98%         5    ######.
 Iron Shot                Conj/Erth      #.........   100%        6    #######
 Shatter                  Erth           ##........   100%        9    #######


Dungeon Overview and Level Annotations

Branches:
Dungeon (15/15)            Temple (1/1) D:5            Lair (6/6) D:10
 Shoals (0/4) Lair:2       Spider (0/4) Lair:3        Slime (0/5) Lair:5
    Orc (2/2) D:9             Elf (0/3) Orc:2        Vaults (0/5) D:14
 Depths (0/5) D:15        Ossuary (visited)           IceCv (visited)

Altars:
Ashenzari
Cheibriados
Dithmenos
Elyvilon
Fedhas
Gozag
Hepliaklqana
Kikubaaqudgha
Makhleb
Nemelex Xobeh
Okawaru
Qazlal
Ru
Sif Muna
Trog
Uskayaw
Vehumet
Wu Jian
Xom
Yredelemnul
Zin
The Shining One
Beogh
Jiyva
Lugonu

Shops:
D:13 %   Orc:1 *   Orc:2 :

Annotations:
D:8 1 runed translucent door, anet's ghost, novice DEWz
Lair:3 1 runed translucent door
Lair:5 1 runed translucent door


Innate Abilities, Weirdness & Mutations

You can walk through water.
Your dull iron-grey scales are very hard. (AC +14)
You cannot fit into any form of body armour.
You can survive without breathing.
You are cold-blooded and may be slowed by cold attacks.


Message History

Your tail-slap misses the orc sorcerer.
The orc sorcerer is almost dead.
You block the orc warrior's attack.
The orc sorcerer points at you and mumbles some strange words.
You suddenly lose the ability to move!
The orc warrior hits you with a +0 hand axe!
The orc sorcerer barely misses you.
The orc warrior hits you with a +0 flail!!
The orc sorcerer hits you but does no damage.
The orc warrior hits you with a +0 flail!
The orc sorcerer becomes larger for a moment.
The orc sorcerer hits you but does no damage.
The orc knight hits you with a +0 great sword!!
* * * LOW HITPOINT WARNING * * *
The orc warrior hits you with a +0 flail!!
* * * LOW HITPOINT WARNING * * *
The orc sorcerer hits you but does no damage.
The orc sorcerer gestures at you while chanting.
The bolt of negative energy hits you!!
You feel drained.
You die... .###.##......##. #.. ##.......#....# ##.. #....##..##..... #... ##.###....##.... ##.. ####....## #.## #... #...## ## #... ##.## ###### ##... ##...# ##oooo#

#.#.. #....####
##.@##o)...# #....
##......# #.o##.......#
#....
###....###.##.oo##o#.∩#
##... ##....##..##o.##
o# .# #....
#.....##.##o.. . #....
##....##.##.o. # #....
##...##.##... #....
#...##.#####. #....
#............. #....


You could see an orc knight, an orc sorcerer and 3 orc warriors.

Vanquished Creatures
  Jorgrun (D:12)
  Gastronok (Lair:1)
  Roxanne (D:14)
  A fire giant (D:15)
  Azrael (D:12)
  Snorg (D:10)
  Josephine (Orc:1)
  4 hydras
  A vault guard (D:14)
  2 ice dragons (IceCv)
  A centaur warrior (D:14)
  10 two-headed ogres
  A catoblepas (Lair:6)
  An ogre mage (D:15)
  Erica (Lair:2)
  14 death yaks
  2 tengu warriors (D:14)
  An orc high priest (Orc:1)
  Urug (D:11)
  3 unseen horrors
  A wolf spider zombie (D:13)
  A lindwurm (Lair:6)
  An orc knight (D:15)
  4 orc sorcerers
  3 cyclopes
  4 manticores
  21 ugly things
  13 elephants (Lair:5)
  2 ice statues (IceCv)
  Joseph (D:8)
  A moth of wrath (shapeshifter) (D:13)
  5 black mambas
  A molten gargoyle (D:11)
  A torpor snail (shapeshifter) (D:15)
  14 spiny frogs
  7 rime drakes
  A gargoyle (D:10)
  A demonic crawler (Lair:3)
  7 komodo dragons
  7 trolls
  A polar bear (Lair:2)
  2 meliai (D:13)
  A queen bee (D:13)
  A hornet (D:13)
  16 blink frogs
  3 slime creatures (D:12)
  18 dream sheep
  Prince Ribbit (D:7)
  17 hippogriffs
  A meliai zombie (D:12)
  3 shadows
  A hog (shapeshifter) (D:15)
  9 wraiths
  4 fire elementals (D:12)
  8 basilisks
  3 wyverns
  A hungry ghost (D:15)
  59 yaks
  A steam dragon (Lair:3)
  7 vampire mosquitoes
  Duvessa (D:5)
  5 acid dragons
  3 hell hounds (D:12)
  11 porcupines
  18 water moccasins
  26 orc warriors
  3 black bears (D:10)
  4 sky beasts
  18 ice beasts
  2 phantoms
  A black bear (shapeshifter) (D:15)
  3 necrophages
  12 ogres
  9 wolves
  26 centaurs
  8 crocodiles
  21 bullfrogs
  A big kobold (D:13)
  Dowan (D:5)
  8 scorpions
  23 killer bees
  14 wights
  A howler monkey (D:5)
  6 crimson imps
  A lava snake (D:11)
  3 centaur zombies
  3 quasits
  5 jellies
  7 centaur skeletons
  5 hounds
  16 orc priests
  2 bullfrog skeletons
  20 orc wizards
  5 iguanas
  11 hell rats
  12 worker ants
  A mummy (Ossuary)
  2 worker ant zombies
  3 gnolls (D:4)
  13 river rats (Lair:3)
  11 adders
  3 shadow imps
  3 oozes
  3 adder skeletons
  A worm (Lair:3)
  3 dart slugs
  5 leopard geckos
  69 orcs
  5 bats
  3 giant cockroaches
  6 goblins
  6 hobgoblins
  5 jackals (D:2)
  14 quokkas
  7 frilled lizards
  9 gnoll skeletons (Ossuary)
  14 kobolds
  6 kobold skeletons (Ossuary)
  A leopard gecko zombie (D:8)
  10 orc skeletons (Ossuary)
  4 quokka skeletons
  21 rats
  A fungus (D:10)
846 creatures vanquished.

Vanquished Creatures (others)
  A dire elephant (Lair:6)
  A hydra (Lair:2)
  An unseen horror (D:14)
  A black mamba (Lair:6)
  A meliai (D:13)
  An orc priest (Orc:2)
  An orc (Orc:1)
  58 fungi
  22 plants
87 creatures vanquished.

Grand Total: 933 creatures vanquished

Notes
Turn   | Place    | Note
-------+----------+-------------------------------------------
     0 | Abyss:1  | RedPan the Draconian Abyssal Knight began the quest for the
                  | Orb.
     0 | Abyss:1  | Reached XP level 1. HP: 19/19 MP: 2/2
    60 | Abyss:1  | Found a corrupted altar of Lugonu.
    75 | Abyss:1  | Found a corrupted altar of Lugonu.
   165 | Abyss:1  | Noticed a worldbinder
   166 | Abyss:1  | Noticed a freezing wraith
   173 | Abyss:1  | Noticed a vault sentinel
   173 | Abyss:1  | Noticed an ironheart preserver
   173 | D:1      | Escaped the Abyss
   302 | D:1      | Reached XP level 2. HP: 19/26 MP: 3/3
   394 | D:1      | Reached * piety under Lugonu
   712 | D:1      | Reached XP level 3. HP: 30/33 MP: 4/4
  1325 | D:2      | Reached XP level 4. HP: 40/40 MP: 5/5
  1396 | D:2      | Reached ** piety under Lugonu
  2287 | D:3      | Reached XP level 5. HP: 40/46 MP: 6/6
  3011 | D:4      | Reached XP level 6. HP: 45/53 MP: 7/7
  3087 | D:4      | Found a sand-covered staircase.
  3141 | Ossuary  | Entered an ossuary
  3141 | Ossuary  | Noticed a wraith
  3141 | Ossuary  | Noticed a wraith
  3141 | Ossuary  | Noticed a wraith
  3245 | Ossuary  | Noticed a wraith
  3254 | Ossuary  | Killed a wraith
  3254 | Ossuary  | Reached skill level 5 in Fighting
  3254 | Ossuary  | Reached skill level 5 in Long Blades
  3509 | Ossuary  | Reached *** piety under Lugonu
  3676 | D:4      | Your scales start taking on a dull iron-grey colour.
  3676 | D:4      | Reached XP level 7. HP: 57/61 MP: 8/8
  3676 | D:4      | Gained mutation: You can survive without breathing. [Grey
                  | Draconian growth]
  3889 | D:4      | Found a shimmering blue altar of Sif Muna.
  3924 | D:4      | Identified Sif Muna's Guide on Execration
  3961 | D:5      | Entered Level 5 of the Dungeon
  3961 | D:5      | Found a staircase to the Ecumenical Temple.
  4005 | Temple   | Entered the Ecumenical Temple
  4392 | D:5      | Noticed Duvessa
  4392 | D:5      | Noticed Dowan
  4421 | D:5      | Killed Duvessa
  4423 | D:5      | Killed Dowan
  4861 | D:5      | Reached XP level 8. HP: 70/70 MP: 9/9
  5204 | D:6      | Reached skill level 5 in Dodging
  6448 | D:6      | Reached **** piety under Lugonu
  7276 | D:7      | Reached XP level 9. HP: 77/79 MP: 11/11
  7926 | D:7      | Found a stormy altar of Qazlal.
  7953 | D:7      | Noticed Prince Ribbit
  8432 | D:7      | Killed Prince Ribbit
  8906 | D:8      | Noticed Joseph
  8940 | D:8      | Killed Joseph
  9186 | D:8      | Found a runed translucent door.
  9187 | D:8      | Noticed anet's ghost (novice DEWz)
  9656 | D:8      | Reached skill level 5 in Invocations
 10263 | D:9      | Noticed a troll
 10286 | D:9      | Killed a troll
 10286 | D:9      | Reached XP level 10. HP: 43/88 MP: 12/14
 10512 | D:9      | Got a pitted cloak
 10523 | D:9      | Identified the +1 cloak "Rocigeot" {*Drain rC++ Str+2} (You
                  | found it on level 9 of the Dungeon)
 10553 | D:9      | Found a staircase to the Orcish Mines.
 10991 | D:9      | Noticed a two-headed ogre
 11009 | D:9      | Killed a two-headed ogre
 11009 | D:9      | Reached skill level 10 in Long Blades
 11461 | D:10     | Entered Level 10 of the Dungeon
 11644 | D:10     | Found a staircase to the Lair.
 12650 | D:10     | Reached XP level 11. HP: 57/97 MP: 16/16
 13213 | D:10     | Noticed a two-headed ogre
 13234 | D:10     | Killed a two-headed ogre
 13422 | Lair:1   | Entered Level 1 of the Lair of Beasts
 13422 | Lair:1   | Noticed Gastronok
 14162 | Lair:1   | Killed Gastronok
 14231 | Lair:1   | Reached skill level 10 in Fighting
 14865 | Lair:1   | Reached ***** piety under Lugonu
 15132 | Lair:2   | Found a staircase to the Shoals.
 15256 | Lair:2   | Noticed a four-headed hydra
 15262 | Lair:2   | Banished a four-headed hydra
 15400 | Lair:2   | Reached XP level 12. HP: 95/107 MP: 18/18
 15500 | Lair:2   | Noticed a five-headed hydra
 15501 | Lair:2   | Banished a five-headed hydra
 15507 | Lair:2   | Noticed Erica
 16248 | Lair:2   | Killed Erica
 16904 | Lair:3   | Found a hole to the Spider Nest.
 17568 | Lair:3   | Found a runed translucent door.
 17606 | Lair:3   | Noticed a death yak
 17607 | Lair:3   | Noticed a death yak
 17607 | Lair:3   | Noticed a death yak
 17609 | Lair:3   | Noticed a death yak
 17610 | Lair:3   | Noticed a death yak
 17623 | Lair:3   | Killed a death yak
 17627 | Lair:3   | Killed a death yak
 17630 | Lair:3   | Killed a death yak
 17634 | Lair:3   | Killed a death yak
 17640 | Lair:3   | Killed a death yak
 18223 | Lair:3   | Noticed a six-headed hydra
 18288 | Lair:4   | Reached skill level 10 in Invocations
 18584 | Lair:4   | Reached XP level 13. HP: 116/116 MP: 20/20
 18702 | Lair:4   | Reached skill level 1 in Throwing
 19083 | Lair:5   | Reached skill level 10 in Dodging
 19736 | Lair:5   | Reached ****** piety under Lugonu
 20107 | Lair:5   | Found a runed translucent door.
 20107 | Lair:5   | Found a viscous altar of Jiyva.
 20108 | Lair:5   | Found a staircase to the Slime Pits.
 20536 | Lair:5   | Identified a scroll of acquirement
 20536 | Lair:5   | Identified the +0 buckler of Nihilism {Str+2} (You acquired
                  | it on level 5 of the Lair of Beasts)
 20612 | Lair:5   | Reached skill level 1 in Shields
 20827 | Lair:6   | Entered Level 6 of the Lair of Beasts
 21754 | Lair:6   | Reached XP level 14. HP: 127/127 MP: 22/22
 22142 | Lair:6   | Reached skill level 5 in Shields
 22156 | Lair:6   | Reached skill level 5 in Throwing
 24086 | D:11     | Noticed Snorg
 24102 | D:10     | Killed Snorg
 24395 | D:11     | Found a frozen archway.
 24404 | IceCv    | Entered an ice cave
 25258 | D:11     | Found an iron altar of Okawaru.
 25783 | D:11     | Noticed Urug
 26117 | D:11     | Killed Urug
 26409 | D:12     | Noticed Jorgrun
 26421 | D:12     | Killed Jorgrun
 26522 | D:12     | Reached XP level 15. HP: 121/137 MP: 23/23
 26838 | D:12     | Noticed Azrael
 28268 | D:13     | Found Avvozocu's Food Shop.
 29450 | D:14     | Noticed Roxanne
 29458 | D:14     | Reached skill level 10 in Shields
 29654 | D:14     | Killed Roxanne
 29759 | D:14     | Learned a level 6 spell: Statue Form
 30279 | D:14     | Reached skill level 1 in Earth Magic
 30527 | D:14     | Found a gate to the Vaults.
 30572 | D:15     | Entered Level 15 of the Dungeon
 30639 | D:15     | Found a corrupted altar of Lugonu.
 30720 | D:15     | Got a pair of transparent boots
 30731 | D:15     | Identified the cursed +0 pair of boots "Kueboes" {Stlth+}
                  | (You found it on level 15 of the Dungeon)
 30766 | D:15     | Found a staircase to the Depths.
 30767 | D:15     | Noticed a fire giant
 30836 | D:15     | Reached skill level 1 in Spellcasting
 30836 | D:15     | Reached skill level 1 in Transmutations
 33017 | D:15     | Killed a fire giant
 33017 | D:15     | Reached XP level 16. HP: 22/146 MP: 24/24
 33452 | D:12     | Killed Azrael
 33694 | Orc:1    | Entered Level 1 of the Orcish Mines
 33694 | Orc:1    | Noticed Josephine
 33841 | Orc:1    | Killed Josephine
 33968 | Orc:1    | Found Liaz's General Store.
 34010 | Orc:1    | Reached skill level 5 in Earth Magic
 34113 | Orc:1    | Found a roughly hewn altar of Beogh.
 34312 | Orc:2    | Entered Level 2 of the Orcish Mines
 34694 | Orc:2    | Found a staircase to the Elven Halls.
 34956 | Orc:2    | Found Relegao's Book Boutique.
 34980 | Orc:2    | Paralysed by an orc sorcerer for 2 turns
 34986 | Orc:2    | Paralysed by an orc sorcerer for 7 turns
 34991 | Orc:2    | Killed from afar by an orc sorcerer

Levels and vault maps discovered:
D:1:      dpeg_arrival_pits, layout_basic
D:2:      layout_loops_ring, first_ration
D:3:      layout_loops_ring
D:4:      layout_basic, enter_ossuary_1, hangedman_decor_growths, led_sif_book
D:5:      layout_loops_ring, minmay_temple_entry_trees, kennysheep_small_square,
          uniq_duvessa
D:6:      layout_cave_pools, corexii_item_surrounded_by_moat, kennysheep_donut,
          minivault_27
D:7:      nicolae_whirlpool, layout_basic, nicolae_qazlal_general_emergency,
          uniq_prince_ribbit1
D:8:      layout_gridville, ebering_ghost_inner_flame, uniq_joseph
D:9:      layout_basic, orc_0_dummy
D:10:     layout_roguey, due_lair_maze_entry_diamond
D:11:     layout_big_octagon, portal_ice_cave_rime, enter_bailey_2, basic_altar,
          uniq_urug, uniq_snorg
D:12:     layout_irregular_city, uniq_jorgrun, uniq_azrael
D:13:     layout_long_grid, serial_shops, nicolae_shop_stone, special_room
          [special_room_bee], grunt_pizzeria
D:14:     layout_roguey, david_vaults_5, minmay_misc_feat_four_crosses,
          uniq_roxanne
D:15:     grunt_enter_depths_giant_problem, layout_loops_corners,
          minmay_misc_feat_hallway, tgw_lugonu_bribe
Temple:   nicolae_temple_the_god_donut
Lair:1:   layout_cave_shapes, uniq_gastronok
Lair:2:   layout_roguey, shoals_dummy_entry, uniq_erica
Lair:3:   lemuel_ratsnest, layout_long_grid, nicolae_spider_entry_non_spiders,
          chequers_serial_rivers_small_3, pf_torpor_hydra, lemuel_fruit_fields
Lair:4:   layout_hall_layers, grunt_megastairs_1, lemuel_fruit_fields
Lair:5:   beast_lair_carwin_large_2, layout_loops_ring, slime_altar_2,
          grunt_megastairs_4
Lair:6:   hangedman_lair_in_review, layout_regular_city
Orc:1:    layout_caves, serial_shops, shop, david_defended_altar_orc,
          uniq_josephine, uniq_sonja
Orc:2:    st_orc_elflike, layout_caves, serial_shops, nicolae_shop_statue_plus

Skill      XL: |  1  2  3  4  5  6  7  8  9 10 11 12 13 14 15 16 |
---------------+-------------------------------------------------+-----
Long Blades    | 3 4 5 6 8 9 11 12 14 | 14.0
Fighting       | 4 5 6 7 8 9 10 11 12 13 14 | 14.2
Dodging        | 3 4 5 6 7 8 9 10 11 12 | 12.5
Invocations    | 3 5 7 8 10 11 | 11.0
Throwing       | 4 6 8 |  8.0
Shields        | 4 8 10 | 10.7
Earth Magic    | 4 5 |  5.4
Spellcasting   | 2 3 |  3.3
Transmutations | 2 3 |  3.6

Action                   |  1- 3 |  4- 6 |  7- 9 | 10-12 | 13-15 | 16-18 || total
-------------------------+-------+-------+-------+-------+-------+-------++-------
Melee: Falchion          |    79 |   212 |   458 |   630 |       |       ||  1379
       Tailslap          |     7 |    26 |    59 |   186 |   376 |    52 ||   706
       Scimitar          |       |       |       |   221 |  1637 |   253 ||  2111
Throw: Boomerang         |       |     2 |       |       |     1 |       ||     3
       Javelin           |       |       |       |       |     1 |     1 ||     2
Invok: Depart the Abyss  |     1 |       |       |       |       |       ||     1
       Bend Space        |       |       |     3 |       |       |       ||     3
       Banish            |       |       |       |     2 |     7 |       ||     9
  Use: Scroll            |     4 |    12 |    11 |     7 |     6 |       ||    40
       Potion            |       |     1 |     6 |     3 |     5 |       ||    15
 Stab: Sleeping          |     1 |       |       |     4 |     4 |       ||     9
       Distracted        |       |       |     1 |       |     2 |       ||     3
       Petrified         |       |       |       |       |     6 |       ||     6
  Eat: Chunk             |     1 |     8 |    27 |    28 |    50 |     7 ||   121
       Ration            |       |       |     1 |       |       |       ||     1
Armor: Skin              |    17 |    53 |   173 |   207 |   400 |    49 ||   899
Dodge: Dodged            |    55 |   138 |   299 |   465 |  1054 |   136 ||  2147
Block: Buckler           |       |       |       |       |   329 |    51 ||   380
       Rpst.: Falchion   |    23 |    30 |    82 |    88 |       |       ||   223
       Scimitar          |       |       |       |    33 |   261 |    40 ||   334

Table legend:
 A = Non-vault XP
 B = Vault XP
 C = Vault XP percentage of total XP
 D = Non-vault monster count
 E = Vault monster count
 F = Vault count percentage of total count
                 A         B        C        D         E       F
            +---------+---------+-------+---------+---------+-------
      Total |  118362 |   45370 |  27.7 |     643 |     208 |  24.4
            +---------+---------+-------+---------+---------+-------
        D:1 |      48 |       0 |   0.0 |      24 |       0 |   0.0
        D:2 |     109 |       0 |   0.0 |      25 |       0 |   0.0
        D:3 |     174 |       0 |   0.0 |      15 |       0 |   0.0
        D:4 |     176 |      73 |  29.3 |      10 |       2 |  16.7
        D:5 |     487 |     271 |  35.8 |      11 |       3 |  21.4
        D:6 |    1022 |       0 |   0.0 |      25 |       0 |   0.0
        D:7 |     555 |     491 |  46.9 |      18 |       3 |  14.3
        D:8 |     853 |     481 |  36.1 |      16 |       1 |   5.9
        D:9 |    1635 |    1065 |  39.4 |       7 |       5 |  41.7
       D:10 |    7418 |    2272 |  23.4 |      49 |      11 |  18.3
       D:11 |    5206 |    1563 |  23.1 |      38 |       3 |   7.3
       D:12 |    5492 |    5566 |  50.3 |      40 |       9 |  18.4
       D:13 |    5519 |    2484 |  31.0 |      41 |      25 |  37.9
       D:14 |   12808 |    2878 |  18.3 |      34 |       2 |   5.6
       D:15 |   19176 |    1835 |   8.7 |      42 |       1 |   2.3
     Lair:1 |    2651 |    2130 |  44.6 |      12 |       1 |   7.7
     Lair:2 |    7893 |     907 |  10.3 |      35 |       1 |   2.8
     Lair:3 |    5980 |    2351 |  28.2 |      15 |      52 |  77.6
     Lair:4 |    2902 |    2186 |  43.0 |      17 |       9 |  34.6
     Lair:5 |   17764 |    3521 |  16.5 |      47 |       9 |  16.1
     Lair:6 |   14922 |    7851 |  34.5 |      54 |      18 |  25.0
      Orc:1 |    3100 |    1227 |  28.4 |      30 |       4 |  11.8
      Orc:2 |    2472 |     575 |  18.9 |      38 |       2 |   5.0
    Ossuary |       0 |     241 | 100.0 |       0 |      27 | 100.0
      IceCv |       0 |    5402 | 100.0 |       0 |      20 | 100.0
            +---------+---------+-------+---------+---------+-------
